 Dungeon Crawl Stone Soup version 0.24.0-1-gfbc8707 (webtiles) character file.

Game seed: 9772762553489899210, levelgen mode: deterministic

1617 7bone the Carver (level 8, -4/68 HPs)
             Began as a Minotaur Fighter on Dec 6, 2019.
             Was an Initiate of Makhleb.
             Slain by a +3 dire flail of speed (7 damage)
             ... created by the rancor of the Wu Jian Council
             ... on level 6 of the Dungeon.
             The game lasted 00:24:47 (5512 turns).

7bone the Carver (Minotaur Fighter)                 Turns: 5512, Time: 00:24:48

Health: -4/68      AC: 12    Str: 23    XL:     8   Next: 64%
Magic:  16/16      EV:  9    Int:  5    God:    Makhleb [......]
Gold:   306        SH: 11    Dex: 10    Spells: 7/7 levels left

rFire    x . .     SeeInvis .   a - +1 long sword
rCold    + + +     Gourm    .   c - +0 shield
rNeg     . . .     Faith    .   i - +0 ice dragon scales
rPois    +         Spirit   .   (helmet restricted)
rElec    +         Reflect  .   (no cloak)
rCorr    +         Harm     .   (no gloves)
MR       .....                  (no boots)
Stlth    ..........             (no amulet)
HPRegen  0.21/turn              m - ring of ice
MPRegen  0.15/turn              g - ring of magical power

@: resistant
A: retaliatory headbutt, horns 2
a: Renounce Religion


You were on level 6 of the Dungeon.
You worshipped Makhleb.
Makhleb was noncommittal.
You were full.

You visited 1 branch of the dungeon, and saw 6 of its levels.

You collected 306 gold pieces.

Inventory:

Hand Weapons
 a - a +1 long sword (weapon)
Armour
 c - a +0 shield (worn)
 i - +0 ice dragon scales (worn)
Jewellery
 g - a ring of magical power (right hand)
 m - a ring of ice (left hand)
 t - an uncursed ring of protection from cold {unknown}
 C - an uncursed ring of see invisible
Wands
 b - a wand of paralysis (6)
 y - a wand of flame (23)
 A - a wand of polymorph (8)
Scrolls
 d - a scroll of random uselessness {unknown}
 e - a scroll of teleportation
 h - 3 scrolls of identify
 j - 2 scrolls of fear {unknown}
 k - a scroll of amnesia {unknown}
 l - a scroll of blinking
 n - 4 scrolls of remove curse
 o - 3 scrolls of enchant weapon
 p - a scroll of noise
 u - a scroll of enchant armour {unknown}
 w - a scroll of magic mapping {unknown}
 B - a scroll of fog {unknown}
Potions
 r - a potion of brilliance {unknown}
 v - a potion of lignification {unknown}
 x - a potion of flight {unknown}
 z - 2 potions of curing {unknown}
Comestibles
 f - 12 rations


   Skills:
 + Level 5.2 Fighting
 + Level 8.2 Long Blades
 + Level 7.4 Armour
 + Level 2.5 Dodging
 + Level 1.0 Stealth
 + Level 7.2 Shields
 + Level 0.7 Evocations


You had 7 spell levels left.
You didn't know any spells.
Your spell library contained the following spells:

 Spells                   Type           Power        Failure   Level  Hunger
 Summon Small Mammal      Summ           #...         99%         1    ##.....
 Call Imp                 Summ           #.......     99%         2    ###....
 Call Canine Familiar     Summ           #.......     100%        3    ####...
 Summon Guardian Golem    Hex/Summ       #.......     100%        3    ####...
 Summon Ice Beast         Ice/Summ       #.......     100%        4    #####..
 Summon Lightning Spire   Summ/Air       #.......     100%        4    #####..


Dungeon Overview and Level Annotations

Branches:
Dungeon (6/15)             Temple (0/1) D:5

Altars:
Ashenzari
Makhleb
Qazlal
Vehumet
Wu Jian
Yredelemnul


Innate Abilities, Weirdness & Mutations

You reflexively headbutt those who attack you in melee.
You have a pair of horns on your head.


Message History

The +3 dire flail of speed hits you.
* * * LOW HITPOINT WARNING * * *
The +4 broad axe of electrocution hits you but does no damage.
You barely miss the +4 broad axe of electrocution.
You headbutt the +4 broad axe of electrocution.
The +4 broad axe of electrocution is heavily damaged.
The +3 dire flail of speed hits you but does no damage.
You block the +2 broad axe of freezing's attack.
The +4 broad axe of electrocution hits you.
* * * LOW HITPOINT WARNING * * *
Unknown command.
You barely miss the +4 broad axe of electrocution.
You headbutt the +4 broad axe of electrocution.
The +4 broad axe of electrocution is almost destroyed.
Your hearing returns.
You block the +3 dire flail of speed's attack.
You hit the +4 broad axe of electrocution.
You destroy the +4 broad axe of electrocution!
That felt strangely unrewarding.
The +3 dire flail of speed hits you!
You die...

#..# #.# ##.##
#..#####.# ##...##
#........###.....#
##..............##
####.###.###..## ####
#.# #.###..####... #(#
#...........## #(#
#####..######
#@#######..#
#.(........#
##########.# #########
#.#######
#.......######.##.....
#.#####..............#
#.# #.......##.##)##..
#.###.#..##.#...#.####
#.#......##.......#


You could see 3 dancing weapons.

Vanquished Creatures
  4 dancing weapons (D:6)
  A water moccasin (D:5)
  An ice beast (D:5)
  2 sky beasts (D:5)
  A phantom (D:5)
  A boggart (D:6)
  3 centaurs
  A bullfrog (D:5)
  Dowan (D:6)
  A howler monkey (D:5)
  A centaur zombie (D:5)
  A jelly (D:6)
  3 hounds
  Crazy Yiuf (D:3)
  Jessica (D:2)
  3 worker ants (D:4)
  8 orc wizards
  7 adders
  6 gnolls (D:3)
  A shadow imp (D:6)
  An ooze (D:2)
  An adder skeleton (D:5)
  2 worms
  3 dart slugs
  8 orcs
  3 giant cockroaches
  4 goblins
  9 hobgoblins
  3 jackals (D:2)
  9 kobolds
  3 quokkas (D:5)
  A ball python (D:1)
  11 bats
  4 frilled lizards
  A jackal skeleton (D:5)
  A leopard gecko zombie (D:4)
  5 rats
117 creatures vanquished.

Notes
Turn   | Place    | Note
-------+----------+-------------------------------------------
     0 | D:1      | 7bone the Minotaur Fighter began the quest for the Orb.
     0 | D:1      | Reached XP level 1. HP: 19/19 MP: 0/0
    33 | D:1      | Reached XP level 2. HP: 16/27 MP: 1/1
   222 | D:1      | Reached skill level 3 in Long Blades
   479 | D:2      | Reached XP level 3. HP: 33/33 MP: 2/2
   623 | D:2      | Noticed Jessica
   630 | D:2      | Killed Jessica
   630 | D:2      | Reached XP level 4. HP: 40/40 MP: 3/3
   854 | D:2      | Found a shattered altar of Ashenzari.
  1300 | D:3      | Reached skill level 5 in Shields
  1302 | D:3      | Found an ornate altar of the Wu Jian Council.
  1405 | D:3      | Became a worshipper of the Wu Jian Council
  1425 | D:3      | Reached XP level 5. HP: 46/46 MP: 4/4
  1430 | D:3      | Reached skill level 4 in Long Blades
  1520 | D:3      | Found a stormy altar of Qazlal.
  1829 | D:3      | Found a runed translucent door.
  1830 | D:3      | Noticed Crazy Yiuf
  2092 | D:3      | Killed Crazy Yiuf
  2410 | D:4      | Reached XP level 6. HP: 52/52 MP: 5/5
  2617 | D:4      | Reached skill level 5 in Armour
  3270 | D:5      | Entered Level 5 of the Dungeon
  3281 | D:5      | Noticed an ice beast
  3285 | D:5      | Killed an ice beast
  3285 | D:5      | Reached skill level 5 in Long Blades
  3285 | D:5      | Reached skill level 1 in Dodging
  3316 | D:5      | Found a radiant altar of Vehumet.
  3335 | D:5      | Found a basalt altar of Yredelemnul.
  3363 | D:5      | Reached XP level 7. HP: 45/60 MP: 6/6
  3440 | D:5      | Found a staircase to the Ecumenical Temple.
  3441 | D:5      | Reached * piety under Wu Jian
  3540 | D:5      | Reached skill level 6 in Long Blades
  3871 | D:5      | Reached skill level 7 in Long Blades
  3871 | D:5      | Reached XP level 8. HP: 27/67 MP: 7/7
  4593 | D:6      | Found a burning altar of Makhleb.
  4699 | D:6      | Fell from the grace of Wu Jian
  4699 | D:6      | Became a worshipper of Makhleb the Destroyer
  4788 | D:6      | Reached skill level 5 in Fighting
  4962 | D:6      | Noticed Duvessa
  4962 | D:6      | Noticed Dowan
  4968 | D:6      | Noticed Duvessa
  4968 | D:6      | Duvessa changed into Duvessa the boggart
  4972 | D:6      | Killed Duvessa the boggart
  4972 | D:6      | Reached skill level 1 in Stealth
  4978 | D:6      | Killed Dowan
  4978 | D:6      | Reached skill level 8 in Long Blades
  5420 | D:6      | HP: 2/68 [orc warrior/+2 short sword of holy wrath (5)]
  5477 | D:6      | Noticed a +0 rapier of electrocution
  5477 | D:6      | Noticed a +0 rapier of piercing
  5477 | D:6      | Noticed a +4 rapier of piercing
  5480 | D:6      | Killed a +4 rapier of piercing
  5482 | D:6      | Killed a +0 rapier of electrocution
  5486 | D:6      | Killed a +0 rapier of piercing
  5510 | D:6      | HP: 2/68 [+4 broad axe of electrocution[the rancor of the
                  | Wu Jian Council] (5)]
  5512 | D:6      | Slain by a +3 dire flail of speed

Levels and vault maps discovered:
D:1:      dpeg_arrival_rooms_with_view, layout_rooms
D:2:      layout_basic, lemuel_coloured_pillars_altar, uniq_jessica
D:3:      layout_basic, old_standard_altar, nicolae_qazlal_general_emergency,
          uniq_crazy_yiuf_cottage
D:4:      layout_gridville, minivault_11, minmay_small_thing
D:5:      layout_loops_ring, chequers_temple_overflow_statue_of_worship,
          minmay_temple_entry_crystal_x, first_ration, minmay_between
D:6:      layout_loops_corners, basic_altar,
          minmay_a_box_with_orc_wizards_in_it, uniq_duvessa

Skill      XL: |  1  2  3  4  5  6  7  8 |
---------------+-------------------------+-----
Fighting       | 4 5 |  5.2
Shields        | 4 5 6 7 |  7.2
Long Blades    | 3 4 5 7 8 |  8.2
Armour         | 4 5 6 7 |  7.4
Dodging        | 1 2 |  2.5
Stealth        | 1 |  1.0
Evocations     | |  0.7

Action                   |  1- 3 |  4- 6 |  7- 9 || total
-------------------------+-------+-------+-------++-------
Melee: Long sword        |    74 |   129 |   183 ||   386
       Headbutt          |    11 |    27 |    35 ||    73
Invok: Lunge             |       |     3 |     8 ||    11
       Whirlwind         |       |       |     4 ||     4
Evoke: Wand              |       |     2 |     7 ||     9
  Use: Scroll            |       |     3 |     4 ||     7
       Potion            |       |     1 |     3 ||     4
 Stab: Paralysed         |       |     2 |       ||     2
       Invisible         |       |     1 |       ||     1
  Eat: Chunk             |       |     3 |     3 ||     6
       Ration            |       |     1 |     3 ||     4
Armor: Scale mail        |    16 |       |       ||    16
       Ice dragon scales |    27 |    86 |    81 ||   194
Dodge: Dodged            |    23 |    36 |    50 ||   109
Block: Shield            |    41 |    78 |    81 ||   200
       Rpst.: Long sword |     6 |     8 |    10 ||    24
